 Dungeon Crawl Stone Soup version 0.23.0-3-gf3c87f2 (webtiles) character file.

Game seed: 13718187684554673983

611 Lavandula the Ruffian (level 7, -2/62 HPs)
             Began as a Troll Wanderer on Feb 20, 2019.
             Slain by Prince Ribbit (17 damage)
             ... on level 4 of the Dungeon.
             The game lasted 00:05:03 (2972 turns).

Lavandula the Ruffian (Troll Wanderer)              Turns: 2972, Time: 00:05:03

Health: -2/62      AC:  7    Str: 21    XL:     7   Next: 20%
Magic:  7/7        EV:  7    Int:  8    God:
Gold:   211        SH:  8    Dex: 13    Spells: 7/8 levels left

rFire    . . .     SeeInvis .     - Unarmed
rCold    . . .     Gourm    +   a - +0 shield
rNeg     . . .     Faith    .   d - +0 robe
rPois    .         Spirit   .   (helmet restricted)
rElec    .         Reflect  .   o - +0 cloak
rCorr    .         Harm     .   (gloves unavailable)
MR       .....                  (boots unavailable)
Stlth    +.........             (no amulet)
HPRegen  0.60/turn              i - +2 ring of intelligence
MPRegen  0.10/turn              (no ring)

@: glowing
A: large, unfitting armour, claws 3, fast metabolism 3, gourmand, regeneration
1, shaggy fur 1, tough skin 3
a: no special abilities


You were on level 4 of the Dungeon.
You were completely stuffed.

You visited 1 branch of the dungeon, and saw 5 of its levels.

You collected 211 gold pieces.

Inventory:

Missiles
 t - 6 javelins (quivered)
Armour
 a - a +0 shield (worn)
 d - a +0 robe (worn)
 e - a +0 large shield
 o - a +0 cloak (worn)
Jewellery
 i - a +2 ring of intelligence (left claw)
 s - an uncursed amulet of faith {unknown}
Scrolls
 c - 4 scrolls of teleportation
 g - 5 scrolls of remove curse {unknown}
 h - a scroll of noise {unknown}
 j - 9 scrolls of identify {unknown}
 k - a scroll of immolation {unknown}
 m - 4 scrolls of enchant armour {unknown}
 n - a scroll of amnesia {unknown}
 p - 4 scrolls of random uselessness {unknown}
Potions
 l - 6 potions of curing {unknown}
 q - a potion of degeneration {unknown}
 r - 2 potions of lignification {unknown}
Comestibles
 f - 14 rations


   Skills:
 - Level 1.5 Fighting
 - Level 1.0 Throwing
 - Level 1.0 Dodging
 + Level 2.7 Shields
 - Level 7.0 Unarmed Combat
 - Level 1.2 Spellcasting
 - Level 1.5 Necromancy
   Level 1.0 Earth Magic


You had 7 spell levels left.
You knew the following spells:

 Your Spells              Type           Power        Failure   Level  Hunger
a - Pain                  Necr           #...         61%         1    ##.....

Your spell library contained the following spells:

 Spells                   Type           Power        Failure   Level  Hunger
 Vampiric Draining        Necr           #.........   93%         3    ####...


Dungeon Overview and Level Annotations

Branches:
Dungeon (5/15)
 Temple: D:4-7

Altars:
Ashenzari
Cheibriados
Fedhas
Ru
Sif Muna
Zin

Annotations:
D:4 Prince Ribbit
D:5 Dowan, Duvessa


Innate Abilities, Weirdness & Mutations

You are too large for most types of armour.
You have claws for hands.
Your metabolism is lightning-fast.
You like to eat raw meat.
Your natural rate of healing is unusually fast.
You are covered in fur. (AC +1)
You have extremely tough skin. (AC +3)


Message History

Unknown command.
Prince Ribbit hits you. You block Prince Ribbit's attack.
Dowan points at you and mumbles some strange words.
You are outlined in light.
You climb upwards.
There is a stone staircase leading down here.
Unknown command.
Unknown command.
You closely miss Prince Ribbit. Prince Ribbit hits you.
Unknown command.
Prince Ribbit closely misses you.
You closely miss Prince Ribbit. Prince Ribbit hits you.
* * * LOW HITPOINT WARNING * * *
You barely miss Prince Ribbit. You block Prince Ribbit's attack.
You closely miss Prince Ribbit. Prince Ribbit hits you.
* * * LOW HITPOINT WARNING * * *
Prince Ribbit closely misses you.
You miss Prince Ribbit.
Prince Ribbit blinks!
You barely miss Prince Ribbit. Prince Ribbit hits you!
You die...

.......'._⌠##.##
##...###
....####8####..##
#.....## ....#
##...#..#
###....###### ....#
###..#.# ##)#.....##
....# ##.#.###
#.#####.## ....#
#.#...# #..## #...
.#### #.###.##
##..###### .#
#..##§.### ##..# #
## ##..@#...# ####.#
# ###F###.###....# #
#.........#### #
#### ##..###.....##
#..# #..## #####..#
#####..# ##...# ##.#
..#....# ####..#.#
#.###
#.#.##.####....##.#
#...####
#...##......#####.##
###....#


You could see Prince Ribbit.

Vanquished Creatures
  An orc warrior (D:3)
  An ogre (D:4)
  A scorpion (D:4)
  An orc priest (D:4)
  A hound (D:4)
  2 orc wizards
  Crazy Yiuf (D:2)
  An iguana (D:4)
  A worker ant (D:4)
  Robin (D:4)
  8 adders
  3 worms
  2 dart slugs
  4 leopard geckos
  10 orcs
  A ball python (D:4)
  2 giant cockroaches
  11 goblins
  11 hobgoblins
  6 jackals
  8 kobolds
  8 bats
  4 frilled lizards
  A leopard gecko skeleton (D:4)
  A quokka skeleton (D:4)
  10 rats
101 creatures vanquished.

Notes
Turn   | Place    | Note
-------+----------+-------------------------------------------
     0 | D:1      | Lavandula the Troll Wanderer began the quest for the Orb.
     0 | D:1      | Lavandula set off with the following items: a +0 shield, a
                  | scroll of teleportation, a +0 robe, a +0 club, 2 rations;
                  | and the following spell memorised: Pain; and the following
                  | spells available to memorise: Vampiric Draining
     0 | D:1      | Reached XP level 1. HP: 19/19 MP: 1/1
    73 | D:1      | Reached skill level 1 in Unarmed Combat
   120 | D:1      | Reached XP level 2. HP: 25/27 MP: 2/2
   166 | D:1      | Reached skill level 2 in Unarmed Combat
   467 | D:1      | Reached XP level 3. HP: 30/33 MP: 3/3
   743 | D:2      | Reached skill level 3 in Unarmed Combat
  1591 | D:2      | Found a runed translucent door.
  1592 | D:2      | Noticed Crazy Yiuf
  1645 | D:2      | Reached XP level 4. HP: 41/41 MP: 4/4
  1779 | D:2      | Killed Crazy Yiuf
  1779 | D:2      | Reached skill level 4 in Unarmed Combat
  1907 | D:3      | Found a glowing silver altar of Zin.
  1927 | D:3      | Found a shattered altar of Ashenzari.
  2048 | D:3      | Found a sacrificial altar of Ru.
  2055 | D:3      | Reached XP level 5. HP: 47/48 MP: 5/5
  2062 | D:3      | Reached skill level 5 in Unarmed Combat
  2136 | D:3      | Found a deep blue altar of Sif Muna.
  2315 | D:3      | Noticed an orc warrior
  2327 | D:3      | Killed an orc warrior
  2327 | D:3      | Reached skill level 6 in Unarmed Combat
  2327 | D:3      | Reached XP level 6. HP: 12/55 MP: 6/6
  2469 | D:4      | Noticed Robin
  2527 | D:4      | Killed Robin
  2680 | D:4      | Reached skill level 7 in Unarmed Combat
  2760 | D:4      | Reached XP level 7. HP: 62/62 MP: 7/7
  2827 | D:4      | Found a blossoming altar of Fedhas.
  2827 | D:4      | Found a snail-covered altar of Cheibriados.
  2955 | D:5      | Entered Level 5 of the Dungeon
  2955 | D:5      | Noticed Dowan
  2958 | D:5      | Noticed Duvessa
  2959 | D:5      | Noticed Prince Ribbit
  2972 | D:4      | Slain by Prince Ribbit

Skill      XL: |  1  2  3  4  5  6 |
---------------+-------------------+-----
Unarmed Combat | 1 2 3 4 6 7 |  7.0
Shields        | 2 |  2.7
Fighting       | |  1.5
Throwing       | |  1.0
Dodging        | |  1.0
Spellcasting   | |  1.2
Necromancy     | |  1.5
Earth Magic    | |  1.0

Action                   |  1- 3 |  4- 6 |  7- 9 || total
-------------------------+-------+-------+-------++-------
Melee: Unarmed           |   114 |   186 |    24 ||   324
Throw: Javelin           |     4 |     6 |       ||    10
 Stab: Paralysed         |       |     1 |       ||     1
  Eat: Chunk             |    12 |    18 |     3 ||    33
Armor: Robe              |    35 |    77 |     1 ||   113
Dodge: Dodged            |    25 |    59 |     2 ||    86
Block: Shield            |    36 |    93 |     7 ||   136
